Map: Sandstorm CE

Players

BuffaloBill

  • Race: Zerg Zerg
  • Spawn Location: 3:00

Omega

  • Race: Zerg Zerg
  • Spawn Location: 5:00

Jeff

  • Race: Zerg Zerg
  • Spawn Location: 5:00

Wlodziu - Winner!

  • Race: Zerg Zerg
  • Spawn Location: 11:00

Iceberg - Winner!

  • Race: Protoss Protoss
  • Spawn Location: 11:00

Leon - Winner!

  • Race: Zerg Zerg
  • League: Gold
  • Spawn Location: 11:00

VOD

Have the link to the VOD?

Description

Time

  • Played on: March 22, 2026, 6:07 a.m.
  • Length: 13:38
Show
View Real Time Build Order
Export as new Build Order

BuffaloBill Zerg 

Build Orders: Pool First 

Get SALT Encoding   

  12  0:14  Drone x2  
  14  0:30  Spawning Pool  
  14  0:33  Drone  
  14  0:40  Overlord  
  14  0:45  Extractor  
  14  0:46  Drone  
  14  1:00  Drone  
  15  1:05  Drone  
  16  1:20  Zergling x2  
  16  1:23  Zergling x2  
  18  1:27  Queen  
  18  1:32  Drone  
  21  1:45  Zergling x2  
  21  1:46  Extractor  
  21  1:56  Spore Crawler  
  21  1:57  Drone  
  21  2:04  Zergling x2  
  22  2:31  Overlord  
  22  2:32  Overlord  
  22  2:33  Hatchery  
  21  2:41  Zergling x2  
  22  2:52  Zergling x2  
  22  2:53  Zergling x4  
  21  3:08  Zergling x2  
  21  3:12  Zergling x2  
  23  3:16  Zergling x2  
  23  3:17  Zergling x4  
  26  3:45  Drone  
  27  3:51  Zergling x4  
  27  3:52  Zergling x2  
  30  4:10  Queen  
  30  4:11  Drone x2  
  30  4:15  Zergling x4  
  36  4:21  Lair  
  33  4:39  Zergling x4  
  33  4:40  Zergling x2  
  32  4:55  Drone  
  28  5:08  Spine Crawler  
  28  5:11  Zergling x2  
  28  5:18  Drone x2  
  28  5:19  Drone  
  31  5:34  Hydralisk Den  
  30  5:38  Zergling x6  
  30  5:39  Zergling x2  
  29  5:59  Zergling x2  
  29  6:01  Queen  
  32  6:07  Drone x3  
  32  6:08  Hydralisk x2  
  39  6:14  Hydralisk  
  41  6:34  Overlord x3  
  41  6:43  Overlord  
  41  6:54  Spore Crawler  
  41  6:56  Hydralisk  
  41  6:58  Hydralisk  
  44  7:04  Hydralisk  
  46  7:14  Hydralisk  
  46  7:15  Hydralisk  
  48  7:21  Hydralisk  
  52  7:40  Grooved Spines  
  52  7:44  Hydralisk  
  52  7:45  Hydralisk  
  56  7:51  Hydralisk  
  56  7:58  Drone x2  
  60  8:01  Drone  
  61  8:08  Drone x2  
  61  8:12  Drone  
  64  8:22  Hydralisk  
  64  8:23  Hydralisk  
  68  8:29  Evolution Chamber  
  68  8:31  Muscular Augments  
  68  8:32  Overlord  
  67  8:37  Overlord  
  67  8:42  Overlord  
  67  8:52  Extractor  
  66  8:55  Extractor  
  66  8:57  Hydralisk x2  
  66  8:59  Hydralisk  
  71  9:05  Hydralisk  
  73  9:13  Hydralisk  
  73  9:16  Overlord  
  75  9:21  Hydralisk  
  77  9:27  Drone x2  
  77  9:31  Drone  
  80  9:36  Zerg Missile Weapons Level 1  
  80  9:41  Hydralisk  
  82  9:51  Infestation Pit  
  81  9:56  Hydralisk  
  81  9:57  Hydralisk  
  85  10:05  Hydralisk  
  85  10:06  Hydralisk  
  89  10:14  Drone x2  
  89  10:15  Drone  
  92  10:28  Hive  
  92  10:29  Hydralisk  
  48  10:50  Hydralisk x4  
  56  11:03  Infestor  
  58  11:05  Infestor  
  60  11:15  Drone  
  61  11:30  Drone x2  
  61  11:31  Drone  
  64  11:39  Hydralisk x3  
  70  12:08  Hydralisk x3  
  69  12:21  Hydralisk x2  
  69  12:22  Hydralisk x2  
  77  12:39  Hydralisk x2  
  77  12:40  Hydralisk  
  77  12:43  Hydralisk x4  
  91  12:57  Hydralisk x4  
Show
View Real Time Build Order
Export as new Build Order

Omega Zerg 

Build Orders: Pool First 

Get SALT Encoding   

  12  0:01  Drone  
  13  0:08  Drone  
  14  0:32  Spawning Pool, Drone  
  14  0:39  Extractor  
  13  0:46  Drone  
  13  0:49  Overlord  
  14  1:18  Queen  
  16  1:29  Hatchery  
  15  1:36  Drone x2  
  15  1:39  Drone  
  18  1:49  Metabolic Boost  
  18  1:56  Zergling x2  
  18  2:01  Zergling x2  
  20  2:12  Queen  
  22  2:26  Overlord  
  22  2:48  Zergling x10  
  26  3:08  Zergling x8  
  29  3:14  Zergling x4  
  31  3:24  Zergling x2  
  31  3:25  Zergling x6  
  35  3:46  Overlord x2  
  35  3:47  Overlord  
  35  3:57  Overlord  
  35  4:00  Overlord  
  23  4:49  Drone x3  
  23  4:50  Drone  
  23  4:51  Drone x4  
  28  5:10  Zergling x4  
  30  5:19  Zergling x8, Roach Warren  
  30  5:20  Zergling x4  
  35  5:28  Drone x4  
  38  5:34  Extractor  
  38  5:54  Zergling x2  
  38  5:55  Zergling x14  
  45  6:22  Drone x3  
  45  6:23  Drone x3  
  51  6:49  Drone  
  51  6:50  Drone x5  
  51  6:53  Lair  
  57  6:58  Evolution Chamber  
  57  7:00  Drone x3, Evolution Chamber  
  57  7:01  Drone x3  
  61  7:11  Hatchery  
  60  7:28  Extractor x2  
  58  7:31  Drone x3  
  58  7:33  Drone x3  
  58  7:34  Drone  
  58  7:35  Drone x2  
  67  7:38  Zerg Missile Weapons Level 1, Zerg Ground Armor Level 1  
  67  7:49  Drone x2  
  69  7:54  Extractor x2  
  69  7:55  Overlord x3  
  69  7:57  Queen  
  69  8:02  Glial Reconstitution  
  69  8:18  Drone  
  69  8:19  Drone x5  
  75  8:40  Spire  
  74  8:51  Drone x3  
  74  8:53  Drone x3  
  74  8:54  Drone  
  81  8:57  Roach x4  
  89  9:09  Roach x5  
  103  9:10  Roach x2  
  103  9:14  Overlord  
  103  9:15  Overlord x4  
  103  9:27  Roach  
  105  9:33  Roach x2  
  105  9:35  Zerg Missile Weapons Level 2, Zerg Ground Armor Level 2  
  109  9:49  Roach x4  
  109  9:50  Roach x7  
  131  9:59  Roach  
  143  10:00  Roach x6  
  143  10:02  Overlord x2  
  145  10:27  Hatchery  
  111  11:02  Mutalisk  
  111  11:03  Mutalisk x16  
  111  11:04  Mutalisk x3  
  105  11:15  Queen  
  105  11:16  Mutalisk x2  
  105  11:17  Mutalisk  
  113  11:26  Mutalisk  
  113  11:28  Mutalisk  
  117  11:34  Mutalisk  
  83  11:54  Mutalisk  
  83  11:55  Roach, Mutalisk x2  
  79  12:22  Mutalisk  
  77  12:23  Mutalisk x2  
Show
View Real Time Build Order
Export as new Build Order

Jeff Zerg 

Build Orders: Pool First 

Get SALT Encoding   

  12  0:03  Drone  
  13  0:10  Drone  
  14  0:17  Overlord  
  14  0:36  Spawning Pool  
  14  0:38  Drone  
  14  0:44  Extractor  
  13  0:56  Drone x3  
  16  1:08  Drone  
  16  1:09  Extractor  
  16  1:18  Overlord  
  16  1:28  Drone  
  17  1:33  Queen  
  19  1:40  Drone  
  20  1:51  Drone  
  20  1:52  Spine Crawler  
  20  2:04  Drone  
  21  2:10  Lair  
  21  2:22  Drone x2  
  23  2:33  Spore Crawler  
  23  2:35  Drone  
  23  2:45  Overlord  
  23  2:51  Drone  
  24  3:12  Spire  
  23  3:15  Spine Crawler  
  23  3:16  Drone  
  23  3:17  Drone  
  24  3:35  Overlord  
  24  4:18  Mutalisk x3  
  24  4:19  Mutalisk x4  
  38  4:34  Mutalisk, Hatchery  
  39  4:58  Drone  
  40  5:02  Mutalisk  
  42  5:18  Mutalisk  
  44  5:35  Drone x2  
  46  5:38  Overlord  
  46  5:46  Overlord x3  
  36  6:24  Mutalisk x2  
  36  6:25  Mutalisk x2  
  36  6:56  Mutalisk  
  38  7:03  Hatchery  
  37  7:10  Drone x4  
  41  7:22  Zerg Flyer Weapons Level 1  
  41  7:23  Mutalisk  
  43  7:38  Drone x2  
  43  7:39  Drone x2  
  47  7:47  Mutalisk  
  49  8:08  Mutalisk  
  51  8:33  Overlord  
  51  8:34  Mutalisk x2  
  51  8:37  Drone x3  
  51  8:40  Extractor  
  57  8:43  Extractor  
  57  8:48  Queen  
  58  8:59  Mutalisk  
  60  9:03  Drone x2  
  63  9:10  Drone  
  63  9:14  Overlord  
  63  9:16  Zerg Flyer Armor Level 1  
  63  9:21  Drone  
  64  9:28  Mutalisk x2  
  68  9:42  Mutalisk  
  68  10:27  Mutalisk x3  
  68  10:28  Mutalisk x2  
  78  11:04  Mutalisk x4  
  86  11:20  Drone x4  
  86  11:21  Drone  
  86  11:22  Overlord x2  
  86  11:23  Overlord x2  
  91  11:28  Mutalisk  
Show
View Real Time Build Order
Export as new Build Order

Wlodziu Zerg - Winner!

Build Orders: Hatch First 

Get SALT Encoding   

  12  0:02  Drone  
  13  0:18  Extractor  
  13  0:19  Drone  
  13  0:21  Drone  
  14  0:27  Overlord  
  15  0:45  Drone  
  15  0:48  Drone  
  17  0:57  Extractor  
  17  0:59  Drone, Hatchery  
  16  1:13  Drone  
  16  1:15  Spawning Pool  
  16  1:21  Drone  
  17  1:37  Drone  
  18  1:42  Drone  
  19  1:55  Overlord  
  19  2:09  Queen  
  19  2:12  Zergling x4  
  19  2:15  Queen  
  25  2:27  Zergling x6  
  28  2:36  Overlord  
  28  2:38  Drone  
  28  2:41  Metabolic Boost  
  29  2:47  Queen  
  31  2:53  Drone x2  
  32  3:09  Zergling x6  
  32  3:10  Zergling x2  
  36  3:36  Drone x7  
  39  3:47  Zergling x2  
  39  3:48  Zergling x2  
  41  4:00  Drone  
  41  4:01  Drone x3  
  42  4:11  Zergling x2  
  42  4:13  Overlord  
  42  4:14  Overlord  
  43  4:17  Spine Crawler  
  43  4:18  Spine Crawler  
  43  4:23  Spine Crawler  
  40  4:25  Spine Crawler  
  40  4:29  Zergling x10  
  40  4:40  Zergling x12  
  45  5:09  Lair  
  45  5:17  Extractor  
  44  5:30  Drone  
  44  5:31  Drone x11  
  56  5:35  Extractor  
  55  5:47  Hatchery  
  54  5:56  Spore Crawler  
  47  6:00  Spore Crawler  
  47  6:01  Spore Crawler  
  47  6:02  Spore Crawler  
  40  6:05  Spore Crawler  
  39  6:13  Extractor  
  38  6:25  Hydralisk Den  
  37  6:41  Zergling x18  
  37  6:42  Zergling x8  
  50  6:52  Drone x2  
  52  7:05  Drone  
  52  7:06  Drone x2  
  55  7:10  Muscular Augments  
  55  7:15  Evolution Chamber  
  55  7:16  Evolution Chamber, Drone  
  54  7:25  Drone  
  55  7:30  Drone x2  
  55  7:31  Drone x2  
  55  7:32  Drone x2  
  61  7:42  Hydralisk  
  61  7:43  Hydralisk  
  65  7:46  Overlord x3  
  65  7:47  Zerg Missile Weapons Level 1  
  65  7:49  Zerg Ground Armor Level 1  
  65  7:51  Pneumatized Carapace  
  65  7:59  Spore Crawler  
  65  8:02  Drone x3, Spore Crawler  
  65  8:05  Drone  
  67  8:06  Drone  
  67  8:08  Drone  
  67  8:09  Drone  
  70  8:14  Grooved Spines, Hydralisk  
  70  8:17  Hydralisk  
  74  8:26  Hydralisk x2  
  76  8:27  Hydralisk  
  80  8:40  Extractor  
  79  8:41  Extractor, Drone  
  79  8:42  Drone x3  
  79  8:47  Overlord x2  
  79  8:48  Overlord  
  82  9:16  Drone  
  84  9:17  Drone x5  
  84  9:18  Hatchery  
  87  9:27  Hydralisk  
  87  9:28  Hydralisk x6  
  87  9:29  Zergling x2  
  87  9:30  Zergling x2  
  103  9:42  Overlord  
  103  9:43  Zerg Missile Weapons Level 2  
  103  9:44  Zerg Ground Armor Level 2  
  103  9:47  Overlord  
  103  10:24  Hydralisk x2  
  102  10:30  Hydralisk  
  102  10:31  Hydralisk x12  
  96  10:54  Hydralisk x7  
  96  10:55  Hydralisk  
  106  10:57  Zergling x2  
  107  11:08  Queen  
  109  11:21  Infestation Pit  
  77  11:55  Hydralisk  
  77  11:56  Hydralisk x16  
  103  12:23  Hydralisk x8  
  103  12:24  Hydralisk  
  117  13:01  Overseer  
  117  13:04  Hydralisk  
  117  13:05  Hydralisk x4  
  127  13:06  Zergling x2  
  127  13:09  Overlord  
  127  13:10  Overlord  
Show
View Real Time Build Order
Export as new Build Order

Iceberg Protoss - Winner!

Build Orders: Nexus First 

Get SALT Encoding   

  12  0:00  Probe  
  13  0:12  Probe  
  14  0:18  Pylon  
  14  0:24  Probe  
  15  0:33  Probe  
  15  0:41  Probe  
  17  0:51  Probe  
  18  1:03  Nexus  
  18  1:05  Probe  
  19  1:13  Probe  
  20  1:21  Probe  
  21  1:32  Probe  
  22  1:40  Pylon  
  22  1:44  Probe  
  23  1:50  Nexus  
  23  1:58  Probe  
  24  2:02  Assimilator  
  24  2:05  Assimilator  
  24  2:10  Probe  
  24  2:14  Gateway  
  24  2:15  Probe  
  26  2:23  Probe  
  27  2:31  Probe  
  27  2:33  Probe  
  29  2:43  Probe  
  30  2:49  Probe  
  31  2:55  Probe  
  31  2:58  Assimilator  
  32  3:00  Assimilator  
  32  3:01  Probe  
  32  3:02  Cybernetics Core  
  32  3:03  Probe  
  34  3:07  Probe  
  34  3:11  Probe  
  35  3:13  Probe  
  35  3:19  Probe  
  38  3:20  Probe  
  38  3:26  Probe  
  40  3:31  Probe x2  
  42  3:35  Assimilator  
  42  3:37  Assimilator  
  42  3:38  Probe  
  42  3:39  Stargate  
  43  3:42  Stargate  
  43  3:43  Probe  
  43  3:44  Probe  
  45  3:50  Probe  
  45  3:55  Pylon, Probe  
  47  3:56  Probe  
  47  3:58  Pylon  
  47  4:02  Probe  
  49  4:07  Probe  
  49  4:08  Probe  
  51  4:16  Probe  
  52  4:18  Void Ray  
  52  4:19  Probe  
  52  4:20  Probe  
  52  4:23  Void Ray  
  58  4:28  Probe  
  63  4:33  Fleet Beacon  
  63  4:39  Probe x2  
  63  4:40  Probe  
  66  4:48  Pylon  
  66  4:49  Pylon  
  66  4:50  Pylon  
  66  4:53  Probe x3  
  66  4:54  Pylon  
  73  5:05  Void Ray  
  73  5:11  Probe x3  
  80  5:16  Void Ray, Flux Vanes  
  80  5:31  Stargate  
  80  5:32  Stargate  
  80  5:39  Protoss Air Weapons Level 1  
  80  5:44  Cybernetics Core  
  80  5:48  Forge  
  80  5:49  Void Ray  
  79  6:05  Void Ray  
  79  6:11  Void Ray x2  
  83  6:23  Void Ray  
  79  6:37  Photon Cannon  
  79  6:40  Photon Cannon  
  79  6:43  Photon Cannon  
  79  6:44  Photon Cannon  
  83  6:47  Photon Cannon  
  83  6:48  Void Ray  
  83  6:55  Protoss Shields Level 1  
  83  7:00  Probe  
  91  7:03  Probe x2  
  91  7:06  Void Ray  
  91  7:07  Protoss Air Armor Level 1, Void Ray x2  
  98  7:27  Stargate  
  98  7:30  Stargate  
  98  7:38  Probe x3  
  98  7:40  Nexus  
  98  7:43  Pylon  
  105  7:47  Pylon  
  105  7:49  Void Ray  
  105  7:50  Pylon, Probe x3  
  108  7:54  Assimilator  
  108  7:55  Assimilator  
  108  8:02  Probe  
  117  8:07  Void Ray  
  117  8:08  Void Ray  
  117  8:09  Pylon x3  
  117  8:11  Probe x2  
  117  8:12  Pylon x2  
  119  8:13  Pylon  
  119  8:14  Probe  
  119  8:15  Pylon  
  120  8:20  Photon Cannon  
  120  8:24  Photon Cannon  
  124  8:27  Void Ray  
  136  8:37  Probe x2  
  136  8:38  Void Ray  
  136  8:39  Void Ray x2  
  138  8:41  Probe  
  138  8:45  Protoss Air Weapons Level 2  
  143  8:51  Void Ray  
  143  9:03  Protoss Air Armor Level 2  
  147  9:13  Void Ray  
  147  9:28  Probe x4  
  163  9:38  Void Ray  
  163  9:39  Void Ray  
  163  9:40  Void Ray, Probe x3  
  178  10:02  Void Ray  
  178  10:03  Void Ray  
  178  10:04  Void Ray  
  186  10:24  Void Ray x2  
  186  10:28  Void Ray  
  182  10:45  Void Ray  
  190  10:52  Void Ray x2  
  198  11:07  Void Ray x2  
Show
View Real Time Build Order
Export as new Build Order

Leon Zerg - Winner!

Build Orders: Pool First 

Get SALT Encoding   

  12  0:02  Drone  
  13  0:10  Drone  
  14  0:30  Overlord  
  14  0:36  Spawning Pool  
  14  0:38  Drone  
  14  0:42  Extractor  
  13  0:43  Drone  
  14  0:55  Drone x2  
  16  1:06  Drone  
  17  1:14  Drone  
  18  1:25  Drone  
  19  1:35  Drone  
  20  1:40  Queen  
  22  1:48  Overlord  
  22  1:51  Hatchery  
  21  2:09  Zergling x2  
  21  2:10  Zergling x2  
  23  2:19  Zergling x2  
  24  2:29  Metabolic Boost  
  24  2:35  Zergling x2  
  25  2:43  Zergling x2  
  26  2:52  Overlord  
  26  2:53  Drone  
  26  2:54  Zergling x2  
  28  3:01  Zergling x2  
  28  3:06  Zergling x2  
  28  3:12  Queen  
  31  3:14  Zergling x4  
  34  3:20  Zergling x2  
  34  3:32  Zergling x6  
  34  3:33  Zergling x2  
  33  3:56  Zergling x2  
  33  3:57  Zergling x10  
  33  3:58  Zergling x2  
  34  4:11  Zergling x6  
  37  4:26  Zergling x2  
  37  4:27  Zergling x14  
  34  4:36  Zergling x4  
  35  4:44  Queen  
  34  4:46  Zergling x2  
  34  4:47  Zergling x2  
  28  5:11  Drone x8  
  36  5:18  Overlord  
  36  5:19  Drone  
  37  5:32  Drone  
  37  5:33  Drone  
  39  5:41  Drone x4  
  39  6:20  Queen  
  38  6:26  Lair  
  38  6:28  Drone x3  
  38  6:29  Drone x7  
  48  6:33  Extractor  
  47  6:49  Spore Crawler  
  47  6:53  Extractor  
  47  6:54  Extractor  
  44  7:02  Spore Crawler  
  43  7:14  Hatchery, Drone x7  
  49  7:24  Infestation Pit  
  48  7:36  Drone x4  
  52  7:37  Overlord x2  
  52  7:38  Overlord x2  
  52  7:40  Overseer  
  52  8:12  Hive  
  52  8:27  Overlord x2  
  52  8:28  Overlord  
  52  8:32  Queen  
  54  8:35  Spire  
  53  8:58  Drone  
  53  8:59  Drone x6  
  60  9:03  Extractor  
  60  9:05  Extractor  
  58  9:24  Hatchery  
  58  9:28  Ultralisk Cavern  
  56  9:42  Drone x3  
  56  9:43  Drone x4  
  63  9:56  Overlord x3  
  63  9:57  Overlord  
  63  10:21  Ultralisk  
  63  10:22  Ultralisk x7  
  111  10:36  Ultralisk  
  111  10:42  Queen  
  119  11:17  Drone x2  
  119  11:18  Drone x3  
  124  11:27  Overlord x4  
  124  11:28  Overlord  
  124  11:32  Chitinous Plating  
  124  11:40  Corruptor  
  124  11:41  Corruptor  
  128  12:00  Extractor, Drone  
  128  12:01  Extractor, Drone x6  
  131  12:02  Drone x2, Overlord x2  
  131  12:03  Overlord x2  
  135  12:10  Ultralisk x4  
  159  12:34  Ultralisk x2  
  171  12:47  Drone x4  
  171  12:49  Drone x3  
  178  12:51  Anabolic Synthesis  
  178  12:56  Ultralisk x2  
  178  13:08  Hatchery  
  189  13:29  Evolution Chamber  
  189  13:32  Evolution Chamber  
Tags
 
Add a new tag
Caveats
  • Supply blocks, unpowered buildings, or Contaminate may cause inaccurate times.
  • Supply counts are checked every 10 seconds.